[Event "1st Serbian League 2022"]
[Site "Vrnjacka Banja"]
[Date "2022.09.24"]
[Round "5.33"]
[White "Vuckovic, Bojan"]
[Black "Sarenac, Ivan"]
[Result "1-0"]
[ECO "C78"]
[WhiteElo "2559"]
[BlackElo "2402"]
[Annotator "TA"]
[PlyCount "87"]
[EventDate "2022.09.20"]
[EventType "team-tourn"]
[EventCountry "SRB"]
[SourceTitle "playchess.com"]
[Source "ChessBase"]
[SourceQuality "1"]
[TimeControl "40/5400+30:1800+30"]

1. e4 e5 2. Nf3 Nc6 3. Bb5 a6 4. Ba4 Nf6 5. O-O Bc5 6. c3 O-O 7. d4 Ba7 8. Bg5 {[%emt 0:00:35] C78: Ruy Lopez: Archangelsk and Möller Defences.} h6 9. Bh4 exd4 10. e5 {[%emt 0:21:51] White is slightly better.} g5 11. Bg3 Ne4 12. Bc2 (12. cxd4 $11 d5 13. exd6) 12... d5 $15 {[%emt 0:10:29] [#] Hoping for ...h5.} 13. Nxd4 $146 ({Predecessor:} 13. exd6 Nxg3 14. hxg3 Qxd6 15. Qd3 f5 16. Re1 Bd7 17. Nbd2 dxc3 18. Qxd6 cxd6 19. Nc4 {0-1 (43) Juarez,C-Micheloud,L Argentina 1975}) 13... Nxg3 (13... f5 $1 $17 {[%cal Rf5f4] Strongly threatening ...f4.} 14. f4 Bb6) 14. Nxc6 $11 bxc6 15. hxg3 f5 16. Nd2 Be6 (16... Rb8 $11 {is more appropriate.}) 17. b4 $14 c5 {[%emt 0:33:00] [#]} (17... Qe7 $14) 18. bxc5 $1 $16 Bxc5 19. Nb3 Bb6 20. Nd4 Qd7 21. Ba4 ({White should try} 21. Qh5 $16 {Threatens to win with Qg6+.} Kg7 22. Rab1) 21... Qf7 $14 22. Bc6 $36 {[%emt 0:03:45][%mdl 2048] White is in control.} Rad8 23. Qf3 {[%emt 0:16:30] White is more active.} Bxd4 {[%emt 0:09:36] White leaves nothing to chance now.} ({Better is} 23... f4 $14) 24. cxd4 $16 Rb8 25. Rac1 f4 26. gxf4 gxf4 27. Rc5 Rbd8 (27... Rfd8 $142 28. a3 h5) 28. Ba4 Qg7 29. Rfc1 Bg4 30. Qc3 f3 (30... Qg5 $142 31. Bb3 Be6 32. Rxc7 Kh8) 31. Rxc7 $18 ({But not} 31. g3 Be6 32. Qd2 (32. Rxc7 Qg4 $18) 32... Qg5 33. Qxg5+ hxg5 34. Rxc7 Rc8 $18) 31... Qg5 32. g3 {[%emt 0:03:12] And now Rb1 would win.} Rc8 (32... h5 $142) 33. Bb3 (33. Rb1 $142) 33... Rxc7 34. Qxc7 Rc8 $2 (34... Be6 $18 35. Qc6 Rf7) 35. Bxd5+ Kh8 36. Qxc8+ Bxc8 37. Rxc8+ {[%emt 0:00:05] KQ-KRB} Kh7 38. Rc7+ Kh8 {[%emt 0:00:10] [#]} 39. Rc8+ (39. e6 $142 $1 Qd2 40. e7 (40. Rc8+ Kg7 $18) 40... Qe1+ 41. Kh2 h5 42. Bxf3 Kg8 43. Bd5+ Kh8 44. Bf3) 39... Kh7 40. Bxf3 (40. Be4+ $142 Kg7 41. Rc7+ Kf8 42. e6) 40... Qd2 41. Rd8 Qxa2 42. Kg2 (42. Rd7+ $142 Kh8 43. Bd5 Qc2 44. e6 Qc1+ 45. Kh2 Qc8 46. Ra7 Qe8 47. Ra8 Qxa8 48. Bxa8) 42... Qf7 43. Rd6 (43. Bc6 $142 {White threatens Rd7 and mate.} Qf5 44. Bd5) 43... h5 44. e6 {[%emt 0:00:00] Weighted Error Value: White=0.53/Black=0.73} 1-0

[Event "1st Serbian League 2022"]
[Site "Vrnjacka Banja"]
[Date "2022.09.24"]
[Round "5.34"]
[White "Arsovic, Zoran"]
[Black "Roganovic, Milos"]
[Result "1/2-1/2"]
[ECO "A16"]
[WhiteElo "2362"]
[BlackElo "2487"]
[Annotator "TA"]
[PlyCount "106"]
[EventDate "2022.09.20"]
[EventType "team-tourn"]
[EventCountry "SRB"]
[SourceTitle "playchess.com"]
[Source "ChessBase"]
[SourceQuality "1"]
[TimeControl "40/5400+30:1800+30"]

1. Nf3 Nf6 2. c4 g6 3. Nc3 d5 4. cxd5 Nxd5 5. e4 Nxc3 6. dxc3 Qxd1+ 7. Kxd1 Nd7 8. Bf4 c6 9. Kc2 f6 {[%emt 0:05:09] A16: English Opening: 1...Nf6 with ...d5.} 10. Be3 e5 11. Nd2 a5 12. a4 Bc5 13. Bxc5 Nxc5 14. Bc4 Ke7 15. f3 {[%emt 0:02:33] [#]} Rd8 $146 ({Predecessor:} 15... h5 16. h4 f5 17. b3 fxe4 18. Nxe4 Bf5 19. Bd3 Bxe4 20. Bxe4 Nxe4 21. fxe4 Rhf8 {½-½ (49) Fishbein,M (2151)-Vaishali,R (2376) Hastings 2019}) 16. Rhe1 Bd7 17. Nb3 Nxb3 18. Bxb3 f5 19. exf5 Bxf5+ 20. Kc1 Kf6 21. Bc2 Rd7 22. Re2 Rad8 23. Ra3 h5 24. Rb3 Be6 25. Rb6 Bc4 26. Rf2 g5 27. b3 Ba6 28. b4 axb4 29. Rxb4 h4 30. h3 Rd5 31. Rg4 Rc5 32. Kb2 {[%emt 0:00:19] The position is equal.} Bc4 33. g3 Be6 34. gxh4 Bxg4 35. fxg4+ $11 {[%emt 0:00:03][%mdl 4096] Endgame KRR-KRB} Kg7 36. hxg5 e4 37. Bxe4 Rxg5 38. Bf5 Rh8 39. Rd2 Kf6 40. Rd6+ Ke5 41. Rd7 Rxh3 42. Rxb7 Rg8 43. Kb3 Kd5 44. Kb4 c5+ 45. Kb3 Rg3 46. Rb6 {[%emt 0:00:00] [#] Hoping for Be6+.} Ra8 47. Bd7 {[%emt 0:00:00] Black must now prevent Bc6+.} Ra7 48. Bc8 Rg1 {[%emt 0:00:00] Threatens to win with ...Rb1+.} 49. Be6+ Ke5 {[%emt 0:00:00] [#] ( -> ...Rb1+)} 50. Bf5 {[%emt 0:00:00] Against Rb1+} Kd5 51. Be6+ Ke5 {[%emt 0:00:00] Strongly threatening ...Rb1+.} 52. Bf5 {[%emt 0:00:00] Against Rb1+} Kd5 53. Be6+ Ke5 {[%emt 0:06:32] An even fight not without its subleties.  Weighted Error Value: White=0.03 (flawless) /Black=0.02 (flawless)} 1/2-1/2

[Event "1st Serbian League 2022"]
[Site "Vrnjacka Banja"]
[Date "2022.09.24"]
[Round "5.35"]
[White "Zajic, Milan"]
[Black "Radusinovic, Lazar"]
[Result "1/2-1/2"]
[ECO "B32"]
[WhiteElo "2402"]
[BlackElo "2308"]
[Annotator "TA"]
[PlyCount "148"]
[EventDate "2022.09.20"]
[EventType "team-tourn"]
[EventCountry "SRB"]
[SourceTitle "playchess.com"]
[Source "ChessBase"]
[SourceQuality "1"]
[TimeControl "40/5400+30:1800+30"]

1. e4 c5 2. Nf3 Nc6 3. d4 cxd4 4. Nxd4 e5 5. Nb5 d6 6. N1c3 a6 7. Na3 b5 8. Nd5 Nge7 9. Bd3 {[%emt 0:00:00] B32: Sicilian: Löwenthal and Kalashnikov Variations.} Nd4 10. O-O Nxd5 11. exd5 {[%emt 0:00:00] White is slightly better.} g6 12. c3 Nf5 13. Nc2 Bg7 14. a4 Bd7 15. Nb4 $36 {[%emt 0:00:00][%mdl 2048] White has some pressure.} O-O 16. Nc6 Qb6 17. Be4 {[%emt 0:00:00] [#]} Qc7 $146 ({Predecessor:} 17... Nh6 18. Bf3 Nf5 19. Re1 Rfe8 20. g3 Bf8 21. Qb3 Qc5 22. Bd2 Rec8 23. Qa2 bxa4 24. Qxa4 {½-½ (63) Chukanov,I (2452)-Laliga,O (2321) ICCF email 2017}) 18. Qe2 (18. Qb3 $16) 18... bxa4 19. Rxa4 Bxc6 20. dxc6 {[%emt 0:00:00] Hoping for Rb4.} Ne7 21. Qc4 {[%emt 0:00:00] Against d5} (21. Rxa6 $6 d5 22. Bb1 Rxa6 23. Qxa6 Nxc6 $11) 21... Rfc8 (21... Kh8 $142) 22. Rd1 $1 $16 d5 23. Bxd5 (23. Rxd5 $18 Nxd5 24. Bxd5) 23... Nxd5 $14 {[%emt 0:00:12][%mdl 64] Remove Defender} 24. Rxd5 {[%emt 0:00:00] And now Rd7 would win.} Qxc6 25. Qxc6 Rxc6 26. Kf1 Bf6 27. Ke2 Rd8 28. Rda5 Rdd6 29. Be3 h5 30. Rb4 Kg7 31. Rb7 Rc8 (31... g5 $14) 32. Bc5 ({White should play} 32. Ra7) 32... Re6 $16 {[%emt 0:01:16] White must now prevent ...Bd8.} 33. Bb4 Rd8 34. c4 Rd4 35. b3 Re4+ 36. Kf1 {[%emt 0:00:23] White has more active pieces.} Rd4 37. Ke2 Re4+ $1 38. Kf1 Rd4 39. Rd5 Rc6 (39... e4 $16 {was necessary.}) 40. Rxd4 $1 $18 exd4 {[%emt 0:00:07][%mdl 4096] Endgame KRB-KRB} 41. Ke2 g5 42. h3 Be5 43. c5 ({White should try} 43. Kd3 $18) 43... g4 (43... Rc8 $16 44. Kd3 a5) 44. Rb6 Rxb6 (44... gxh3 45. gxh3 (45. Rxc6 $2 hxg2 46. Rxa6 g1=Q $19) 45... Rxb6 46. cxb6 Kf6) 45. cxb6 {[%emt 0:00:00][%cal Bc5b6,Bb6b7][%mdl 32] KB-KB} Kf6 46. b7 Ke6 47. Bc5 $1 Bb8 48. Kd3 Kd5 49. Bxd4 Kc6 $2 {[%emt 0:00:00] [#]} (49... f5 50. Bf6 gxh3 51. gxh3 Bc7) 50. Ke4 $1 (50. hxg4 hxg4 51. Ke4 Kxb7 $16) 50... Kxb7 51. Kf5 Kc6 {[%emt 0:00:00] [#]} 52. h4 $1 ({Weaker is} 52. hxg4 hxg4 53. Kxg4 Kd5 $16) 52... Kd5 $2 (52... Bc7 53. Kg5 Kd5) 53. Bb6 Kc6 54. Be3 Kd5 55. f3 $2 (55. g3 $18 {Strongly threatening Kg5.} Be5 56. Kg5) 55... gxf3 $11 {[%emt 0:00:00] The position is equal.} 56. gxf3 Bg3 57. Bg5 ({Don't take} 57. Kg5 Ke6 $14) 57... Be5 58. Bf6 Bg3 59. Kg5 Ke6 {[%emt 0:00:00][%cal Og3h4] aiming for ...Bxh4+!} 60. Bc3 Bf2 61. Ba5 ({Much less strong is} 61. Kxh5 Kf5 $16) 61... f6+ 62. Kxh5 Kf5 $1 63. Bd2 Bg3 $1 64. Be3 Be1 $1 65. Bc1 Bf2 66. Bb2 Be1 67. Bd4 Bg3 68. Bc5 Be1 69. Bd6 Bf2 70. Bh2 Be1 71. Bd6 Bf2 72. Bc7 Be1 73. Bd8 Bg3 74. Be7 Ke5 $2 {[%emt 0:17:04][%mdl 40960] Weighted Error Value: White=0.22 (precise) /Black=0.19 (very precise) . An unexpected result.} (74... Be1 $11) 1/2-1/2

[Event "1st Serbian League 2022"]
[Site "Vrnjacka Banja"]
[Date "2022.09.24"]
[Round "5.36"]
[White "Todorovic, Goran N"]
[Black "Stankovic, Milos"]
[Result "1/2-1/2"]
[ECO "D55"]
[WhiteElo "2305"]
[BlackElo "2439"]
[Annotator "TA"]
[PlyCount "97"]
[EventDate "2022.09.20"]
[EventType "team-tourn"]
[EventCountry "SRB"]
[SourceTitle "playchess.com"]
[Source "ChessBase"]
[SourceQuality "1"]
[TimeControl "40/5400+30:1800+30"]

1. Nf3 Nf6 2. c4 e6 3. Nc3 d5 4. d4 Be7 5. Bg5 O-O 6. e3 b6 7. cxd5 Nxd5 8. Bxe7 Qxe7 9. Nxd5 exd5 10. Rc1 $1 {[%emt 0:01:16] 10.Rc1 scores better than 10.Bd3.} Bb7 {[%emt 0:01:33] D55: Queen's Gambit Declined: 4 Bg5 Be7: Lines without ...h6 and 6...h6 7 Bxf6.} 11. Bd3 c5 12. dxc5 bxc5 13. O-O Nd7 {[%emt 0:01:32] [#]} 14. Qb3 $146 ({Predecessor:} 14. Bf5 Nf6 15. Qc2 g6 16. Bh3 Ne4 17. Rfd1 Rfd8 18. g3 Bc8 19. Bg2 Bf5 20. Nh4 Nxg3 21. Nxf5 Nxf5 22. Qxc5 {1-0 (53) Georgiev,V (2511)-Colas,J (2352) Chicago 2017}) 14... Rab8 15. Qa3 d4 16. e4 $1 (16. exd4 Bxf3 17. gxf3 Qg5+ 18. Kh1 cxd4 $15) 16... Qd6 17. Rfd1 Qb6 18. Nd2 Rfe8 19. f3 h5 20. Nc4 Qc7 21. Qa5 (21. Qxa7 $2 Ra8 22. Qxa8 Rxa8 $19) 21... Qf4 22. Qd2 Qf6 23. b3 (23. Re1 {looks sharper.} Ba6 24. e5 Qc6 25. Qg5) 23... h4 24. h3 Re7 25. Bf1 Rbe8 (25... Ba6 $14) 26. Nb2 (26. b4 $1 $16) 26... Rc8 $14 27. Nd3 Re6 ({Better is} 27... Ree8 $14) 28. Rc2 (28. b4 $1 $16) 28... Qe7 29. Rdc1 f5 $2 (29... Rec6 $14) 30. Nf4 $18 Rf6 31. exf5 Ne5 32. Nd3 {[%emt 0:00:11] aiming for Re1.} Rxf5 33. Nxe5 Rxe5 {[%emt 0:00:14] [#]} 34. b4 $1 Qd6 $2 (34... Rd8 $16 35. Rxc5 (35. bxc5 Bc6 $16) 35... Rxc5 36. bxc5 (36. Rxc5 d3 $16) 36... d3) 35. Qf4 (35. bxc5 $18 Qf6 36. Qxd4) 35... g5 36. Qd2 Qb6 37. f4 Rf5 (37... d3) 38. Bc4+ (38. Bd3 $142 Rxf4 39. Rxc5 Rxc5 40. Rxc5) 38... Kh8 $2 (38... Bd5 39. fxg5 Bxc4 40. Rxc4 Rc7) 39. bxc5 Qf6 40. fxg5 Rxg5 {[%emt 0:00:13] [#]} 41. Bf1 ({Weaker is} 41. Rf1 Qe5 $16) (41. c6 $1 $18 Rxc6 42. Rf1) 41... Be4 $11 {[%emt 0:32:29] The position is equal.} 42. Rc4 Rcg8 43. c6 {[%emt 0:00:00] Black must now prevent Rc5.} Bxg2 44. Bxg2 Rxg2+ 45. Qxg2 Rxg2+ 46. Kxg2 {[%emt 0:00:00] KQ-KRR} Qg5+ 47. Kh1 Qd5+ 48. Kg1 Qg5+ 49. Kh1 {[%emt 0:00:00] Black escapes into a draw.  Weighted Error Value: White=0.34/Black=0.40} 1/2-1/2

[Event "1st Serbian League 2022"]
[Site "Vrnjacka Banja"]
[Date "2022.09.25"]
[Round "6.1"]
[White "Yilmazyerli, Mert"]
[Black "Risteski, Emil"]
[Result "1-0"]
[ECO "B33"]
[WhiteElo "2533"]
[BlackElo "2364"]
[Annotator "TA"]
[PlyCount "53"]
[EventDate "2022.09.20"]
[EventType "team-tourn"]
[EventCountry "SRB"]
[SourceTitle "playchess.com"]
[Source "ChessBase"]
[SourceQuality "1"]
[TimeControl "40/5400+30:1800+30"]

1. e4 c5 2. Nc3 Nc6 3. Nge2 Nf6 4. d4 cxd4 5. Nxd4 e5 6. Ndb5 d6 7. Nd5 Nxd5 8. exd5 Ne7 9. c4 Ng6 10. Qa4 Bd7 11. Qb4 Qb8 12. Be3 {[%emt 0:00:26] Hoping for Qa5.} (12. h4 $5 ) 12... f5 {[%emt 0:09:51] [#] B33: Sicilian: Pelikan and Sveshnikov Variations.} 13. c5 $146 ({Predecessor:} 13. h4 a6 14. h5 axb5 15. hxg6 h6 16. cxb5 Be7 17. a4 O-O 18. Be2 f4 19. Bb6 Bg5 20. Ra3 {1-0 (32) Gubas,J (2312)-Binas,J (2164) ICCF email 2014}) 13... f4 14. c6 $1 bxc6 {[%emt 0:08:46] White is slightly better.} 15. dxc6 Bxc6 16. Rc1 Bxb5 (16... Qb7 $14 17. Nc7+ Kd8 18. Qxb7 Bxb7 19. Nxa8 fxe3) 17. Bxb5+ $18 Ke7 {[%emt 0:00:23] ...a6 is the strong threat.} 18. Qa5 (18. Bd2 a6 19. Bc4 Qxb4 20. Bxb4 Kf6 $11) (18. Qc4 $1 $18) 18... fxe3 $11 19. Rc7+ Kf6 20. fxe3 {[%emt 0:00:10] And now 0-0+ would win.} Qb6 (20... Kg5 $11 {remains equal.} 21. O-O h5) 21. O-O+ $16 {[%emt 0:00:40][%mdl 1024] White has strong compensation.} Kg5 $2 (21... Nf4 $16 22. Qxb6 axb6) 22. Qe1 $1 $18 {[%emt 0:01:02] Intending Qg3+ and mate.} h5 {[%emt 0:01:22] [#]} (22... Qxc7 23. Qg3+ Kh6 24. Qh3+) 23. Bd3 {[%emt 0:20:06] Qg3+ would kill now.} Kh6 {[%emt 0:06:38] [#] Threatens to win with ...e4.} (23... Nf4 {is a self mate.} 24. Qg3+ (24. Be4 $2 d5 $19) 24... Kh6 25. Rxf4 $1 d5 26. h4 $1 e4 27. Qg5+ Kh7 28. Rxe4 $1 Qg6 29. Qxg6+ Kg8 30. Qf7+ Kh7 31. Re6#) 24. Qg3 $1 e4 $2 {[%emt 0:05:42] [#]} (24... d5) 25. Rf5 $1 {[%emt 0:00:23] White threatens Qg5+ and mate.} exd3 (25... d5 26. Be2) 26. Qf3 Nf4 27. Qxf4+ {[%emt 0:00:06] Weighted Error Value: White=0.13 (very precise) /Black=0.85} 1-0

[Event "1st Serbian League 2022"]
[Site "Vrnjacka Banja"]
[Date "2022.09.25"]
[Round "6.2"]
[White "Djokic, Mihailo"]
[Black "Gokerkan, Cem Kaan"]
[Result "0-1"]
[ECO "B92"]
[WhiteElo "2197"]
[BlackElo "2465"]
[Annotator "TA"]
[PlyCount "126"]
[EventDate "2022.09.20"]
[EventType "team-tourn"]
[EventCountry "SRB"]
[SourceTitle "playchess.com"]
[Source "ChessBase"]
[SourceQuality "1"]
[TimeControl "40/5400+30:1800+30"]

1. e4 c5 2. Nf3 d6 3. d4 cxd4 4. Nxd4 Nf6 5. Nc3 a6 6. Be2 e5 7. Nf3 Be7 8. Bg5 Be6 {[%emt 0:00:11] B92: Sicilian Najdorf: 6 Be2.} 9. Bxf6 Bxf6 10. Nd5 Nd7 {[%emt 0:00:08] The position is equal.} 11. Bc4 Rc8 12. Qe2 Nb6 13. Nxf6+ Qxf6 {[%emt 0:01:02] [#]} 14. Bb3 $146 ({Predecessor:} 14. Bxe6 Qxe6 15. b3 d5 16. exd5 Nxd5 17. O-O O-O 18. c4 Nf4 19. Qxe5 Qg4 20. g3 {½-½ (49) To,N (2363)-Lu,M (2370) Balatonlelle 2019}) 14... O-O (14... Bg4 {is more complex.} 15. O-O-O Nd7 16. Rhg1 Nc5) 15. Rd1 Bxb3 16. axb3 d5 17. O-O d4 18. Rd3 Nd7 19. Ne1 (19. b4 $11) 19... Nc5 $15 20. Rg3 {[%emt 0:00:55] [#]} (20. Rd2 $15) 20... Qc6 $1 $17 21. Rg4 Rfe8 22. Rh4 Re6 {[%emt 0:04:32] Black is more active.} 23. Nf3 h6 24. Rd1 (24. Rg4 $17) 24... Qb5 25. Qd2 d3 26. cxd3 (26. h3 $17) 26... Rd8 (26... Qxb3 27. d4 Nd3 28. Nxe5 Nxe5 29. dxe5 $15) (26... Nxb3 27. Qe3 $17) 27. h3 Qxd3 ({Weaker is} 27... Rxd3 28. Qe2) 28. Qxd3 Nxd3 (28... Rxd3 29. Rc1 g5 30. Rg4 Nxb3 31. Rc7 $17) 29. Rg4 Kf8 (29... h5 $19 30. Rg3 Red6) 30. Rg3 (30. Nxe5 $17 Rxe5 31. Rg3) 30... Red6 31. Rd2 (31. Ne1 $17 {might work better.} Nxe1 32. Rxe1) 31... g6 (31... Nc1 $19 32. Rc2 Rc6 33. Rxc6 Ne2+ 34. Kh2 bxc6) 32. h4 Ke7 33. Kh2 (33. Kf1 $142) 33... Ke6 $19 34. Rc2 Rb6 35. Rd2 Rbd6 ({Don't take} 35... Rxb3 36. Ne1 $14) (35... Rd7 $142 36. h5 gxh5) 36. Rc2 $1 R8d7 37. Rc8 Nxf2 38. Re8+ Re7 39. Rxe7+ Kxe7 40. Nxe5 {[%emt 0:00:17][%mdl 4096] Endgame KRN-KRN} Re6 ({Worse is} 40... Nxe4 41. Rf3) 41. Ng4 Nxe4 42. Rd3 h5 43. Ne3 Rd6 44. Nd5+ Ke6 45. Nf4+ Ke5 46. Rf3 Nd2 47. Rf2 Nxb3 48. Nh3 f5 49. Re2+ Kd4 50. Ng5 b5 51. Ne6+ Kc4 52. Rc2+ Kb4 53. Nf4 Nc5 54. Rc3 a5 55. Rg3 a4 {[%emt 0:00:30] [#] Hoping for ...Ne4.} 56. Ne2 Rd2 57. Nf4 Rxb2 58. Nd5+ Kc4 59. Nb6+ Kd4 60. Rxg6 a3 61. Rd6+ Ke4 62. Rd1 a2 {[%emt 0:00:24] ( -> ...Rb1)} 63. Nd5 b4 {[%emt 0:01:12] Weighted Error Value: White=0.29 (precise) /Black=0.13 (very precise)} 0-1

[Event "1st Serbian League 2022"]
[Site "Vrnjacka Banja"]
[Date "2022.09.25"]
[Round "6.3"]
[White "Arsovic, Goran"]
[Black "Jocev, Milan"]
[Result "1-0"]
[ECO "E63"]
[WhiteElo "2362"]
[BlackElo "2283"]
[Annotator "TA"]
[PlyCount "80"]
[EventDate "2022.09.20"]
[EventType "team-tourn"]
[EventCountry "SRB"]
[SourceTitle "playchess.com"]
[Source "ChessBase"]
[SourceQuality "1"]
[TimeControl "40/5400+30:1800+30"]

1. d4 Nf6 2. Nf3 g6 3. c4 Bg7 4. g3 O-O 5. Bg2 d6 6. Nc3 Nc6 7. O-O a6 8. Bf4 Rb8 {[%emt 0:00:23] E63: King's Indian: Fianchetto: Panno Variation with 7...a6.} 9. Rc1 b5 {[%emt 0:00:50] 9...h6 is the modern continuation.} 10. Nd5 {[%emt 0:01:21] [#]} e6 $146 (10... bxc4 $11 {keeps the balance.} 11. Nxf6+ exf6) ({Predecessor:} 10... bxc4 11. Nxf6+ exf6 12. Rxc4 Nb4 13. Qd2 Nd5 14. b3 Nxf4 15. Qxf4 Re8 16. Qd2 Qe7 {1-0 (35) Nguyen,N (2641)-Korobov,A (2688) Chess.com INT 2020}) 11. Nxf6+ $16 Bxf6 12. b3 Bb7 13. Bh6 Re8 14. e4 bxc4 15. Rxc4 Ne7 16. e5 Nf5 17. Bf4 Bg7 18. Qc1 Bd5 19. Ra4 ({Inferior is} 19. Rxc7 Bxf3 20. Bxf3 Nxd4 $17) (19. Bg5 $14 f6 20. exf6 Bxf6 21. Bxf6 (21. Rxc7 Bxf3 22. Bxf6 Qxf6 $11) 21... Qxf6 22. Rxc7) 19... Rb6 (19... c5 $5 20. dxc5 dxe5 $15) 20. Re1 Bc6 $36 {[%emt 0:08:07][%mdl 2048] Black has the initiative.} 21. Rc4 Qa8 22. Qd1 dxe5 23. Bxe5 Bxe5 24. Rxe5 Bd5 (24... Rd8 $15) 25. Ra4 (25. Rxc7 $11 Qd8 26. Rc5) 25... Rd6 26. g4 Ne7 27. Re3 ({White should play} 27. Re1 $15) 27... Bc6 $17 {[%emt 0:00:43] aiming for ...Nd5.} 28. Rc4 {[%emt 0:01:01] [#]} (28. Ne1 $17) 28... Nd5 $1 $19 29. Re1 Nf4 30. Re3 (30. d5 $17 Nxg2 31. Kxg2 Bxd5 32. Rc3 (32. Rxc7 Qd8 $17)) 30... Qd8 $2 (30... e5 $1 $19 {...exd4 is the strong threat.} 31. Bf1 exd4 32. Rxe8+ Qxe8 33. Nxd4 Bb5) 31. a4 ({Better is} 31. Bf1 $1 $15) 31... Qf6 (31... e5 $17 {White must now prevent ...exd4.} 32. Bf1 e4) 32. Bf1 $15 h5 $2 {[%emt 0:00:25] [#]} (32... Red8 $15 {keeps the upper hand.}) 33. Ne5 $16 Bd5 34. Rxc7 Re7 35. Rec3 {[%emt 0:00:22] White is more active.} (35. Qc1 $16 Rd8 36. Bxa6) 35... Qh4 (35... Bb7 $11) 36. Rxe7 $18 {[%emt 0:00:19] White is clearly winning.} Qxe7 37. Qc1 Qf6 38. Rc8+ Kg7 39. Rc7 Rc6 40. Rxc6 hxg4 {[%emt 0:01:17] Weighted Error Value: White=0.32/Black=0.33} 1-0

[Event "1st Serbian League 2022"]
[Site "Vrnjacka Banja"]
[Date "2022.09.25"]
[Round "6.4"]
[White "Stankovic, Boris"]
[Black "Rajkovic, Mladen"]
[Result "0-1"]
[ECO "C50"]
[WhiteElo "2208"]
[BlackElo "2335"]
[Annotator "TA"]
[PlyCount "78"]
[EventDate "2022.09.20"]
[EventType "team-tourn"]
[EventCountry "SRB"]
[SourceTitle "playchess.com"]
[Source "ChessBase"]
[SourceQuality "1"]
[TimeControl "40/5400+30:1800+30"]

1. e4 e5 2. Nf3 Nc6 3. Bc4 Bc5 4. O-O Nf6 5. d4 Bxd4 6. Nxd4 Nxd4 7. Bg5 d6 $1 {[%emt 0:06:59] 7...d6 is better than 7...h6.} 8. f4 {[%emt 0:00:18] C50: Hungarian Defence and Giuoco Pianissimo.} Be6 9. Na3 Nc6 {[%emt 0:19:12][%cal Bd4c6,Bc6b8,Bb8d7,Bd7f6][%mdl 32] [#]} 10. f5 $146 {[%emt 0:18:38] Black has an edge.} ({Predecessor:} 10. c3 h6 11. Bxf6 Qxf6 12. Qb3 Rb8 13. f5 Bd7 14. Qd1 Ne7 15. Qc2 Bc6 16. Qd3 Qh4 17. Rae1 Rd8 {0-1 (17) Shytaj,L (2472)-Safarli,E (2606) Rijeka 2010}) 10... Bxc4 11. Nxc4 h6 12. Bh4 Nb8 13. Kh1 Nbd7 14. Qf3 O-O 15. Ne3 Qe8 16. Rad1 Kh7 17. Qh3 Rc8 {[%emt 0:10:30] Black keeps a firm grip on the game.} (17... Nxe4 18. Nd5 $11) 18. Bxf6 Nxf6 19. Qh4 (19. Ng4 $17) 19... Qc6 $19 20. Nd5 Nxd5 (20... Qxc2 21. Nxf6+ gxf6 22. Rg1) 21. exd5 Qxc2 22. f6 g6 23. Rde1 c6 24. Re3 g5 (24... cxd5 25. Qxh6+ Kxh6 26. Rh3+ Kg5 27. Rg3+ Kh5 28. Rh3+ Kg5 29. Rg3+ Kh5 30. Rh3+ Kg5 $11) 25. Qb4 cxd5 {[%emt 0:01:17] White must now prevent ...Qc4.} 26. Qxd6 {[%emt 0:00:14] [#]} Qf5 $3 27. Kg1 {[%emt 0:02:49] [#]} (27. Ree1 Qe6) 27... Qe6 28. Qa3 (28. Qxe5 {might work better.} Rfe8 29. Qxe6 Rxe6 30. Rxe6 fxe6 31. Re1) 28... a6 29. Rg3 e4 30. Qe3 Qe5 31. h4 d4 32. Qb3 d3 33. Rg4 b5 34. hxg5 hxg5 35. Qd1 Qd4+ 36. Kh1 Kg6 {[%emt 0:00:18] Black mates.} 37. Rh4 Rh8 ({Much less strong is} 37... gxh4 38. Qg4+ Kh6 39. Qg7+ Kh5 40. Rf5#) 38. g3 Rxh4+ ({Don't take} 38... gxh4 39. Qg4+ Kh6 40. Qg7+ Kh5 41. g4#) 39. gxh4 Rh8 {[%emt 0:00:01] Weighted Error Value: White=0.97/Black=0.33} 0-1

[Event "1st Serbian League 2022"]
[Site "Vrnjacka Banja"]
[Date "2022.09.25"]
[Round "6.5"]
[White "Mijailovic, Zoran"]
[Black "Radojicic, Aleksandar M"]
[Result "1-0"]
[ECO "A43"]
[WhiteElo "2345"]
[BlackElo "2192"]
[Annotator "TA"]
[PlyCount "73"]
[EventDate "2022.09.20"]
[EventType "team-tourn"]
[EventCountry "SRB"]
[SourceTitle "playchess.com"]
[Source "ChessBase"]
[SourceQuality "1"]
[TimeControl "40/5400+30:1800+30"]

1. d4 Nf6 2. Nf3 c5 3. d5 b5 4. e4 Bb7 5. a4 Nxe4 6. axb5 {[%emt 0:06:10] A43: Schmid Benoni.} d6 7. c4 g6 8. Bd3 {[%emt 0:00:35] White is slightly better.} Nf6 9. O-O Bg7 10. Nc3 O-O 11. Re1 Re8 12. Bg5 a6 {[%emt 0:04:42] [#]} 13. Qd2 $146 ({Predecessor:} 13. h3 Qd7 {½-½ (13) Horvath,J (2106)-Kovacs,A (2215) Hungary 2019}) 13... axb5 14. Rxa8 ({Reject} 14. cxb5 Nbd7 $15) 14... Bxa8 15. Nxb5 Na6 ({Black should play} 15... Bb7 $11) 16. Bc2 $1 $14 {[%emt 0:00:57] White has more active pieces.} Qd7 17. Ba4 Rb8 18. b3 Qd8 19. Qe2 Rb7 20. Nd2 h6 21. Bh4 Nb4 (21... Bf8 $14) 22. Ne4 $1 $16 Nxe4 23. Qxe4 g5 (23... Bf8 $16 {is a better defense.}) 24. Bg3 $18 Bf6 25. h4 Kg7 26. hxg5 hxg5 27. Qf5 $2 (27. f4 $1 $18 ) 27... Rb8 $1 $14 28. Re2 Qc8 (28... Bb7 $1 $11) 29. Qf3 {[%emt 0:00:18][%cal Og3d6] aiming for Bxd6!} Qh8 {[%emt 0:00:30] [#]} ({Better is} 29... Qd8 $1 $14) 30. Nxd6 $1 exd6 $16 31. Bxd6 Rd8 {[%emt 0:00:54] [#]} 32. Be7 ({But not} 32. Bxc5 $6 Nxd5 33. cxd5 Rxd5 $11) 32... Bxe7 33. Rxe7 {[%emt 0:00:03] Really sharp!} Rf8 34. Be8 $1 $40 {[%emt 0:02:30][%cal Re7f7,Ba4e8,Be8f7,Bf7h5][%mdl 160] White wants a kill.} Kh6 $2 (34... Qh6 $16) 35. Bxf7 {[%emt 0:14:23] White mates.} Qa1+ 36. Kh2 Rh8 37. Bh5 {[%emt 0:00:00] Weighted Error Value: White=0.22 (precise) /Black=0.32} 1-0